 Dungeon Crawl Stone Soup version 0.30-a0-358-g0d69a1922f (webtiles) character file.

Game seed: 3539492701587052300

3 mopl the Sneak (level 1, -1/18 HPs)
             Began as a Demonspawn Delver on Nov 10, 2022.
             Slain by an orc wizard
             ... wielding a +0 dagger
              (3 damage)
             ... on level 3 of the Dungeon.
             The game lasted 00:00:17 (52 turns).

mopl the Sneak (Demonspawn Delver)                    Turns: 52, Time: 00:00:19

Health: -1/18      AC:  3    Str: 12    XL:     1   Next: 41%
Magic:  1/1        EV: 11    Int: 11    God:
Gold:   40         SH:  0    Dex: 14    Spells: 0/0 levels left

rFire   . . .      SeeInvis .    a - +0 hand axe
rCold   . . .      Faith    .    (no shield)
rNeg    . . .      Spirit   .    b - +0 leather armour
rPois   .          Reflect  .    (no helmet)
rElec   .          Harm     .    (no cloak)
rCorr   .          Rampage  .    (no gloves)
Will    .....                    (no boots)
Stlth   ++........               (no amulet)
HPRegen 0.23/turn                (no ring)
MPRegen 0.07/turn                (no ring)

@: no status effects
A: no striking features
a: no special abilities


You were on level 3 of the Dungeon.
You visited 1 branch of the dungeon, and saw 3 of its levels.

You collected 40 gold pieces.

Inventory:

Hand Weapons
 a - a +0 hand axe (weapon)
Armour
 b - a +0 leather armour (worn)
Wands
 g - a wand of digging (3)
Scrolls
 c - a scroll of fog
 d - a scroll of magic mapping
 e - a scroll of fear
 h - a scroll of identify {unknown}
Potions
 f - a potion of haste
 i - a potion of degeneration {unknown}


   Skills:
 + Level 3.0 Fighting
 * Level 2.0 Axes
 - Level 1.7 Dodging
 - Level 4.5 Stealth


You couldn't memorise any spells.
You didn't know any spells.
Your spell library was empty.

Dungeon Overview and Level Annotations

Branches:
Dungeon (5/15)
 Temple: D:4-7

Altars:


Message History

h - a scroll labelled LEREWU QEOM An orc and a worm come into view.
An ogre comes into view. It is wielding a +0 giant club.
You see here a fizzy pink potion.
i - a fizzy pink potion The orc shouts!
There is a stone staircase leading up here.
You climb upwards.
The orc priest shouts!
The orc shouts!
You hear a shout!
Found a club.
There is a stone staircase leading down here.
You hit the orc.
The orc is severely wounded.
The orc priest hits you from afar with a +0 trident.
You hit the orc.
You kill the orc!
The orc priest hits you but does no damage.
Your Axes skill increases to level 2!
An orc wizard and 2 orcs come into view.
The orc priest hits you with a +0 trident!
You see here a +0 club.
You closely miss the orc priest.
The orc wizard hits you with a +0 dagger.
* * * LOW HITPOINT WARNING * * *
The orc priest hits you with a +0 trident.
* * * LOW HITPOINT WARNING * * *
You see here a +0 club.
Unknown command.
You hit the orc priest.
The orc priest is moderately wounded.
You closely miss the orc wizard. The orc wizard closely misses you.
The orc priest completely misses you.
Unknown command.
You hit the orc priest but do no damage.
The orc priest is moderately wounded.
You hit the orc wizard but do no damage.
The orc wizard points at you and mumbles some strange words.
You resist with significant effort. The orc priest barely misses you.
The orc wizard hits you with a +0 dagger.
You die...

##########
....ooo@o#
########)#
#.# #>#
#.# #.#
#.# #.#
#.#


You could see an orc priest, an orc wizard and 2 orcs.

Vanquished Creatures
  An orc (D:3)
  A goblin (D:4)
2 creatures vanquished.

Notes
Turn   | Place    | Note
-------+----------+-------------------------------------------
     0 | D:5      | mopl the Demonspawn Delver began the quest for the Orb.
     0 | D:5      | Reached XP level 1. HP: 18/18 MP: 1/1
    30 | D:4      | Noticed an ogre
    44 | D:3      | Noticed an orc priest
    48 | D:3      | Reached skill level 2 in Axes
    48 | D:3      | Noticed an orc wizard
    52 | D:3      | Slain by an orc wizard

Illustrated notes

Levels and vault maps discovered:
D:3:      layout_loops_ring, nzn_hepliaklqana_mist_gate,
          nicolae_overflow_crystal_walls, ebering_ecumenical_altar_rust
D:4:      layout_rooms
D:5:      layout_loops_ring, minmay_crystal_room, minmay_misc_feat_tower,
          hangedman_decor_opposing, small_statue_intersection

Skill      XL: |  1 |
---------------+----+-----
Axes           | 2 |  2.0
Fighting       | |  3.0
Dodging        | |  1.7
Stealth        | |  4.5

Action                   || total
-------------------------++-------
Melee: Hand axe          ||     7
Armor: Leather armour    ||     1
Dodge: Dodged            ||     3

Table legend: (Time is in decaauts)
 A = Elapsed time spent in this place.
 B = Non-inter-level travel time spent in this place.
 C = Inter-level travel time spent in this place.
 D = Time resting spent in this place.
 E = Time spent auto-exploring this place.
 F = Levels seen in this place.
 G = Mean time per level.
                   A        B        C        D        E       F      G
               +--------+--------+--------+--------+--------+-----+--------+
         Total |     52 |     52 |      0 |      0 |      0 |   3 |   17.3 |
       Dungeon |     52 |     52 |      0 |      0 |      0 |   3 |   17.3 |
               +--------+--------+--------+--------+--------+-----+--------+

Top non-repeatable levels by time:
     D:4: 41 daAuts
     D:3: 8 daAuts
     D:5: 3 daAuts
